 Dungeon Crawl Stone Soup version 0.16-a0-2363-g19e4ded (webtiles) character file.

1290 csdcRatboiler the Firebug (level 8, -1/52 HPs)
             Began as a Human Fire Elementalist on Nov 17, 2014.
             Was an Initiate of Ashenzari.
             Shot with an arrow by a centaur (13 damage)
             ... on level 5 of the Dungeon.
             The game lasted 00:35:32 (7570 turns).

csdcRatboiler the Firebug (Human Fire Elementalist) Turns: 7570, Time: 00:35:33

Health: -1/52      AC:  4    Str: 11    XL:     8   Next: 86%
Magic:  14/18      EV: 12    Int: 16    God:    Ashenzari [......]
Gold:   236        SH:  0    Dex: 13    Spells: 4 memorised, 4 levels left

rFire  . . .     SeeInvis .     L - +0 flail
rCold  . . .     Clarity  .     e - +0 robe
rNeg   . . .     SustAb   .     (no shield)
rPois  +         Gourm    .     (no helmet)
rElec  .         Spirit   .     (no cloak)
rCorr  .         Warding  .     (no gloves)
rMut   .         Stasis   .     (no boots)
MR     .....                    (no amulet)
Stlth  ++........               n - +2 ring of protection
                                q - ring of poison resistance

@: very slightly contaminated, hasted, very quick, not resistant to hostile
enchantments, unstealthy
A: no striking features
a: Renounce Religion


You were on level 5 of the Dungeon.
You worshipped Ashenzari.
Ashenzari was noncommittal.
You were not hungry.

You visited 1 branch of the dungeon, and saw 5 of its levels.
You also visited: Ossuary.

You collected 236 gold pieces.

Inventory:

Hand weapons
 a - a +0 whip
 b - a +0 hunting sling
 y - a +0 war axe
 L - a +0 flail (weapon)
Missiles
 g - 53 stones (quivered)
 i - 50 arrows
 v - 13 poisoned needles
 w - 2 throwing nets
Armour
 e - a +0 robe (worn)
 f - a +0 plate armour
 A - a +0 scale mail
Magical staves
 E - an uncursed staff of earth
Jewellery
 n - a +2 ring of protection (right hand)
 q - a ring of poison resistance (left hand)
 O - an uncursed amulet of faith
Scrolls
 h - a scroll of blinking {unknown}
 l - 2 scrolls of immolation
 s - a scroll of brand weapon {unknown}
 x - 2 scrolls of noise {unknown}
 z - a scroll of fear {unknown}
 C - a scroll of enchant armour {unknown}
 D - a scroll of remove curse
 I - 2 scrolls of enchant weapon {unknown}
 K - a scroll of magic mapping {unknown}
Potions
 d - a potion of flight
 j - 6 potions of magic
 k - 2 potions of brilliance
 m - a potion of berserk rage
 t - 2 potions of cancellation
 F - a potion of agility
 G - a potion of restore abilities
 H - 3 potions of curing
 J - 2 potions of lignification
 M - a potion of poison {unknown}
Books
 u - a book of Flames

   Spells                             Type                      Level
   *Flame Tongue                      Conjuration/Fire             1
   Throw Flame                        Conjuration/Fire             2
   *Conjure Flame                     Conjuration/Fire             3
   *Inner Flame                       Hexes/Fire                   3
   *Sticky Flame                      Conjuration/Fire             4
   Fireball                           Conjuration/Fire             5
 B - a book of the Earth

   Spells                             Type                      Level
   Leda's Liquefaction                Hexes/Earth                  4
   Bolt of Magma                      Conjuration/Fire/Earth       5
   Statue Form                        Transmutation/Earth          6
   Iron Shot                          Conjuration/Earth            6
   Shatter                            Earth                        9
Comestibles
 c - 2 bread rations
 o - 4 meat rations
 p - 2 fruits
 N - a chunk of flesh


   Skills:
 + Level 2.6 Maces & Flails
 - Level 2.0 Dodging
 - Level 2.0 Stealth
 - Level 4.2 Spellcasting
 - Level 6.2 Conjurations
 - Level 2.1 Hexes
 - Level 6.2 Fire Magic


You had 4 spell levels left.
You knew the following spells:

 Your Spells              Type           Power        Failure   Level  Hunger
a - Flame Tongue          Conj/Fire      ###..        1%          1    None
b - Conjure Flame         Conj/Fire      ###.....     4%          3    ###....
c - Inner Flame           Hex/Fire       ###.....     12%         3    ###....
d - Sticky Flame          Conj/Fire      ###.....     14%         4    ####...


Dungeon Overview and Level Annotations

Branches:
Dungeon (5/15)
 Temple: D:4-7

Altars:
Ashenzari
Dithmenos


Message History

* * * LOW HITPOINT WARNING * * *
The centaur shoots an arrow.
The arrow closely misses you.
O - an uncursed amulet of faith
There are no items here.
The centaur shoots an arrow.
The arrow hits you.
* * * LOW HITPOINT WARNING * * *
The centaur shoots an arrow.
The arrow misses you.
You see here an arrow.
Read which item? (? for menu, Esc to quit)
Okay, then.
Drink which item? (? for menu, Esc to quit)
You feel yourself speed up.
You are very lightly contaminated with residual magic.
The centaur shoots an arrow.
The arrow hits you.
* * * LOW HITPOINT WARNING * * *
You see here an arrow.
Found an escape hatch in the ceiling.
There is an escape hatch in the ceiling here.
The centaur shoots an arrow.
The arrow hits you!
You die...

·· ▒···▒▒·····▒▒ ▒▒······
▒····▒·······▒ ▒▒c······
··········▒···▒▒▒▒▒········
········▒▒▒···▒▒(·········
·····▒▒ ▒····c·········· ·▒
▒▒··············
▒▒▒··▒▒▒▒········
▒··▒▒▒▒···▒▒ ▒▒▒·····
▒····@···▒ ▒···· ▒····▒▒··▒
·▒· ▒·▒▒▒· ▒·▒··▒ ▒▒ ·▒▒▒▒▒
▒▒


You could see a centaur.

Vanquished Creatures
  The ghost of PolkaDot the Insei, an average DsMo (D:4)
  The ghost of PolkaDot the Insei, an average DsMo (D:3)
  2 ogres
  A giant frog (D:4)
  4 centaur zombies (Ossuary)
  A giant frog skeleton (D:4)
  An iguana (D:4)
  3 orc wizards
  A big kobold zombie (Ossuary)
  An ogre zombie (Ossuary)
  6 mummies (Ossuary)
  7 gnolls
  6 adders
  3 worms (D:3)
  6 adder zombies (Ossuary)
  5 giant geckos
  2 oozes (D:1)
  7 orcs
  8 bats
  6 giant cockroaches
  7 hobgoblins
  12 kobolds
  5 quokkas
  2 ball pythons (D:3)
  3 giant newts
  9 goblins
  3 goblin zombies (Ossuary)
  A hobgoblin zombie (Ossuary)
  11 jackals
  2 kobold zombies (Ossuary)
  3 quokka zombies (Ossuary)
  12 rats
  3 rat zombies (Ossuary)
145 creatures vanquished.

Notes
Turn   | Place    | Note
--------------------------------------------------------------
     0 | D:1      | csdcRatboiler, the Human Fire Elementalist, began the quest for the Orb.
     0 | D:1      | Reached XP level 1. HP: 13/13 MP: 3/3
   434 | D:1      | Reached XP level 2. HP: 19/19 MP: 4/4
   998 | D:1      | Reached XP level 3. HP: 24/24 MP: 3/6
  1196 | D:1      | Learned a level 3 spell: Conjure Flame
  1547 | D:2      | Reached skill level 4 in Fire Magic
  1547 | D:2      | Reached XP level 4. HP: 27/30 MP: 0/7
  1580 | D:1      | Learned a level 3 spell: Inner Flame
  2267 | D:2      | Found a shattered altar of Ashenzari.
  2454 | D:2      | Became a worshipper of Ashenzari the Shackled
  2690 | D:2      | Reached XP level 5. HP: 16/35 MP: 1/9
  3009 | D:3      | Noticed PolkaDot's ghost (average DsMo)
  3268 | D:2      | Reached skill level 1 in Hexes
  3455 | D:3      | Reached XP level 6. HP: 22/41 MP: 1/10
  3627 | D:3      | Found a shadowy altar of Dithmenos.
  3765 | D:3      | Killed PolkaDot's ghost
  3765 | D:3      | Reached XP level 7. HP: 40/46 MP: 2/17
  3771 | D:3      | Learned a level 4 spell: Sticky Flame
  4398 | D:4      | Found a sand-covered staircase.
  4403 | Ossuary  | Entered an ossuary
  5225 | Ossuary  | Reached skill level 5 in Fire Magic
  5440 | Ossuary  | Reached skill level 5 in Conjurations
  5440 | Ossuary  | Reached XP level 8. HP: 41/52 MP: 11/18
  6140 | D:4      | Noticed PolkaDot's ghost (average DsMo)
  6159 | D:4      | Killed PolkaDot's ghost
  6159 | D:4      | Reached skill level 6 in Fire Magic
  6370 | D:4      | Reached skill level 1 in Maces & Flails
  7382 | D:5      | Entered Level 5 of the Dungeon
  7570 | D:5      | Shot with an arrow by a centaur

Action                   |  1- 3 |  4- 6 |  7- 9 || total
-------------------------+-------+-------+-------++-------
Melee: Unarmed           |     9 |       |       ||     9
       Whip              |    24 |    52 |    72 ||   148
       Flail             |       |       |     2 ||     2
 Fire: Hunting sling     |       |    30 |    30 ||    60
Throw: Stone             |    35 |    12 |     4 ||    51
 Cast: Flame Tongue      |    39 |    89 |   137 ||   265
       Conjure Flame     |     1 |     5 |    17 ||    23
       Inner Flame       |       |     1 |     4 ||     5
       Sticky Flame      |       |       |     5 ||     5
  Use: Scroll            |       |     5 |     7 ||    12
       Potion            |       |       |     3 ||     3
 Stab: Sleeping          |     1 |     3 |     3 ||     7
  Eat: Chunk             |     2 |     9 |     8 ||    19
       Beef jerky        |       |     1 |     1 ||     2
       Pizza             |       |       |     1 ||     1
       Fruit             |       |       |     2 ||     2
       Royal jelly       |       |       |     1 ||     1
